Construct Section Command Post
Construct Platoon Command Post
Unlock M3 Stuart Light Tanks
Selects Air and Sea Battlegroup
6-pounder Anti-tank Gun Team
Construct Company Command Post
Selects Centaur Medium Tank
Unlock Bishop Self-propelled Artillery
Bishop Self-propelled Artillery
Bishop Self-propelled Artillery
Selects Naval Bombardment
Unlock M3 Grant Medium Tanks
Selects Commando Section Paradrop
Selects Commando LMG Section Paradrop